 Dungeon Crawl Stone Soup version 0.29.1-15-g9cfb28693d (webtiles) character file.

Game seed: 16222069861283004713

7428 croobank the Covert (level 11, -4/77 HPs)
             Began as an Octopode Delver on Mar 5, 2023.
             Was an Initiate of Gozag.
             Killed from afar by an acid dragon (13 damage)
             ... with a splash of acid
             ... on level 10 of the Dungeon.
             The game lasted 00:35:43 (15039 turns).

croobank the Covert (Octopode Delver)              Turns: 15039, Time: 00:35:43

Health: -4/77      AC:  5    Str: 13    XL:     11   Next: 15%
Magic:  17/17      EV: 16    Int: 22    God:    Gozag
Gold:   321        SH:  0    Dex: 13    Spells: 9/18 levels left

rFire   . . .      SeeInvis .   l - +1 dagger (vamp)
rCold   . . .      Faith    .   (no shield)
rNeg    . . .      Spirit   .   (helmet restricted)
rPois   .          Reflect  .   v - amulet of magic regeneration
rElec   .          Harm     .   n - ring of Nutei {rCorr Stlth+}
rCorr   +          Rampage  .   t - +6 ring of intelligence
Will    .....                   B - +4 ring of protection
Stlth   +++++++...              (no ring)
HPRegen 0.22/turn               (no ring)
MPRegen 0.55/turn               (no ring)
                                (no ring)
                                (no ring)

@: no status effects
A: almost no armour, amphibious, 8 rings, camouflage 1, gelatinous body 1,
(nimble swimmer 1), tentacles
a: Renounce Religion, Potion Petition, Call Merchant, Bribe Branch


You were on level 10 of the Dungeon.
You worshipped Gozag.
Gozag was aware of your devotion.
You visited 2 branches of the dungeon, and saw 11 of its levels.
You also visited: Sewer.

You collected 546 gold pieces.
You spent 62 gold pieces at shops.
You paid 163 gold pieces to Gozag.

Inventory:

Hand Weapons
 a - a +1 hand axe
 d - a +0 spear
 i - a +2 vorpal shortbow
 l - a +1 vampiric dagger (weapon)
 q - a +0 sling
 y - a +0 war axe of draining
 z - a +2 mace of holy wrath
 C - a +1 dire flail of draining
 F - a +0 quarterstaff
 I - a +4 broad axe of draining
 L - a +0 vorpal scimitar
 M - a +2 scimitar of flaming
Missiles
 j - 7 boomerangs
 s - 54 poisoned darts
 E - an atropa-tipped dart (quivered)
Jewellery
 n - the ring of Nutei (left tentacle) {rCorr Stlth+}
   (You found it on level 2 of the Dungeon)

   [ring of resist corrosion]

   rCorr:     It protects you from acid and corrosion.
   Stlth:     It makes you more stealthy.
 t - a +6 ring of intelligence (right tentacle)
 v - an amulet of magic regeneration (around mantle)
 B - a +4 ring of protection (on tentacle)
 K - an amulet of reflection
Wands
 e - a wand of polymorph (12)
 f - a wand of digging (3)
 h - a wand of mindburst (4)
Scrolls
 b - 4 scrolls of fog
 c - 3 scrolls of amnesia
 g - 4 scrolls of identify
 p - a scroll of silence {unknown}
 u - 3 scrolls of noise
 w - 2 scrolls of immolation
 x - 2 scrolls of vulnerability
 A - 3 scrolls of teleportation
Potions
 k - 3 potions of degeneration
 m - 5 potions of mutation
 H - 2 potions of flight


   Skills:
 + Level 8.2 Fighting
 + Level 7.8 Axes
 + Level 7.7 Dodging
 + Level 12.5 Stealth
 + Level 4.4 Spellcasting
 * Level 2.4 Summonings
 + Level 5.9 Poison Magic


You had 9 spell levels left.
You knew the following spells:

 Your Spells              Type           Power      Damage    Failure   Level
a - Poisonous Vapours     Pois/Air       34%        N/A       4%          2
b - Olgreb's Toxic Radia  Pois           31%        N/A       10%         4
c - Summon Guardian Gole  Hex/Summ       10%        N/A       21%         3

Your spell library contained the following spells:

 Spells                   Type           Power      Damage    Failure   Level
 Sting                    Tmut/Pois      68%        1d6       3%          1
 Scorch                   Fire           8%         2d5       16%         2
 Static Discharge         Conj/Air       4%         3-4/arc   16%         2
 Flame Wave               Conj/Fire      4%         2d5       71%         4
 Lightning Bolt           Conj/Air       2%         1d13      96%         5
 Summon Cactus Giant      Summ           7%         N/A       99%         6
 Orb of Destruction       Conj           2%         9d5       100%        7
 Spellforged Servitor     Conj/Summ      5%         N/A       100%        7
 Maxwell's Capacitive Co  Air            2%         ∞         100%        8


Dungeon Overview and Level Annotations

Branches:
Dungeon (10/15)            Temple (1/1) D:6           Sewer (visited)
   Lair: D:8-11         Orc: D:9-12

Altars:
Ashenzari
Cheibriados
Dithmenos
Fedhas
Gozag
Hepliaklqana
Kikubaaqudgha
Makhleb
Nemelex Xobeh
Okawaru
Qazlal
Ru
Sif Muna
Trog
Uskayaw
Vehumet
Wu Jian
Xom
Yredelemnul
Zin
The Shining One

Shops:
D:3 *   D:4 !

Annotations:
D:3 1 runed translucent door, hero57213's ghost, amateur MiFi
D:7 1 runed translucent door, electric eel, Crazy Yiuf
D:8 2 transporters, tizbic2's ghost, novice OgAE


Innate Abilities, Weirdness & Mutations

You cannot wear most types of armour.
You are amphibious.
You can wear up to eight rings at the same time.
Your skin changes colour to match your surroundings (Stealth+).
Your rubbery body absorbs attacks. (AC +1, EV +1)
((You are camouflaged when in or above water. (Stealth+)))
You have tentacles for arms and can constrict up to eight enemies at once.


Message History

Aiming: Mindburst
Press: ? - help, Shift-Dir - straight line, f/p - yak
Aim: a yak (heavily wounded, chance to affect: 64%)
The yak's mind is blasted!!
You blow up the yak!
You start resting.
A yak is nearby!
The yak is distracted by your dazzling golden aura.
The yak is no longer distracted by gold.
The yak is distracted by your dazzling golden aura.
Found a scroll of noise.
The yak is no longer distracted by gold.
You see here a scroll of noise.
A centaur comes into view.
The centaur shouts!
The centaur wields a +0 shortbow.
The centaur shoots an arrow.
The arrow misses you. The yak gores you.
Blink to where?
Press: ? - help, Dir - move target
As you read the scroll of blinking, it crumbles to dust.
The centaur shouts!
The centaur shoots an arrow.
The arrow hits you!
* * * LOW HITPOINT WARNING * * *
The centaur shoots an arrow.
The arrow hits you!
* * * LOW HITPOINT WARNING * * *
Okay, then.
Okay, then.
Okay, then.
Throw: 2 darts (atropa)
Press: ? - help, Q - select action, (/) - cycle Shift-Dir - straight line, f - centaur
Aim: a centaur, wielding a +0 shortbow (72% to hit, chance to blind on hit: 83%)
You throw an atropa-tipped dart.
The atropa-tipped dart hits the centaur.
The centaur appears confused.
The acid dragon roars!
The acid dragon spits acid at you. The splash of acid hits you! You resist.
You die...
Your body crumbles into a pile of gold.

...# ...# #######
...############### .......
..?...........Y..###[......
...#############......($...
...# ####........ ....#
###........$ ....#
##########...##.)...#
...............#@#....$....
.......................D$..
...#### ####.(..#..........
... #..c####.......... .
#.## #..####..........D ..
#..####........###.....
#.##............###.##>...
....>...##...#####.#.#..$.
#..Y.#....#.# ##.#### ...


You could see an acid dragon (catching breath) and a centaur (wandering,
confused, blind).

Vanquished Creatures
  Erica (D:8)
  A two-headed ogre (D:8)
  A deep elf pyromancer (D:7)
  Maurice (D:9)
  Maggie (D:9)
  Prince Ribbit (D:7)
  A hornet (D:8)
  7 yaks
  2 wyverns
  Grum (D:9)
  A steam dragon (D:6)
  Menkaure (D:7)
  Duvessa (D:4)
  2 acid dragons
  A water moccasin (D:8)
  3 ice beasts
  2 wolves (D:9)
  An ogre (D:4)
  2 centaurs (D:9)
  2 kobold brigands
  4 bullfrogs
  A gnoll sergeant (D:7)
  A scorpion (D:7)
  7 wights (D:8)
  Dowan (D:4)
  8 killer bees
  2 howler monkeys (D:8)
  4 hounds
  2 jellies
  An orc priest (D:5)
  2 gnoll boudas
  An iguana (D:4)
  2 orc wizards
  14 gnolls
  11 adders
  An ufetubus (D:6)
  2 worms
  2 dart slugs
  13 orcs
  13 ball pythons
  13 endoplasms
  10 giant cockroaches
  7 hobgoblins
  3 jackals (D:4)
  16 kobolds
  5 quokkas
  6 bats
  9 frilled lizards
  6 goblins
  8 rats
208 creatures vanquished.

Vanquished Creatures (others)
  2 gnolls (D:7)
  A fungus (D:7)
  9 plants
12 creatures vanquished.

Grand Total: 220 creatures vanquished

Notes
Turn   | Place    | Note
-------+----------+-------------------------------------------
     0 | D:5      | croobank the Octopode Delver began the quest for the Orb.
     0 | D:5      | Reached XP level 1. HP: 16/16 MP: 1/1
   241 | D:6      | Found a glowing drain.
   247 | D:6      | Reached XP level 2. HP: 19/21 MP: 2/2
   309 | Sewer    | Entered a sewer
   332 | Sewer    | Reached XP level 3. HP: 18/26 MP: 3/3
   544 | Sewer    | Noticed a bullfrog
   548 | Sewer    | Reached skill level 7 in Stealth
   866 | Sewer    | Reached XP level 4. HP: 25/31 MP: 4/4
   954 | Sewer    | Killed a bullfrog
   955 | Sewer    | Reached XP level 5. HP: 24/37 MP: 5/5
  1205 | D:7      | Noticed Prince Ribbit
  1205 | D:7      | Noticed an ice beast
  1205 | D:7      | Noticed a kobold brigand
  1452 | D:7      | Noticed a deep elf pyromancer
  1502 | D:4      | Noticed Duvessa
  1585 | D:2      | Identified the ring of Nutei {rCorr Stlth+}
  2148 | D:1      | Reached XP level 6. HP: 40/43 MP: 6/6
  3057 | D:3      | Found Heuff's Assorted Antiques.
  3064 | D:3      | Bought a scroll labelled JYBORE ZUAZE for 23 gold pieces
  3456 | D:3      | Found a runed translucent door.
  3457 | D:3      | Noticed hero57213's ghost (amateur MiFi)
  3525 | D:3      | Found a faded altar of an unknown god.
  4344 | D:4      | Noticed Dowan
  4346 | D:4      | Killed Duvessa
  4347 | D:4      | Reached skill level 8 in Stealth
  4355 | D:4      | Killed Dowan
  4355 | D:4      | HP: 2/44 [ball python (1)]
  4356 | D:4      | Reached XP level 7. HP: 2/49 MP: 7/7
  5034 | D:4      | Found Koitufaj's Distillery.
  5053 | D:4      | Bought a potion of curing for 39 gold pieces
  5667 | D:4      | Reached skill level 5 in Fighting
  6382 | D:5      | Reached skill level 9 in Stealth
  6995 | D:5      | Reached XP level 8. HP: 55/55 MP: 8/8
  7295 | D:5      | HP: 2/55 [ice beast (7)]
  8267 | D:6      | Reached skill level 5 in Axes
  8470 | D:6      | Found a staircase to the Ecumenical Temple.
  8480 | Temple   | Entered the Ecumenical Temple
  8988 | D:6      | Reached skill level 5 in Dodging
  9143 | D:7      | Killed Prince Ribbit
  9154 | D:7      | Reached skill level 10 in Stealth
  9516 | D:7      | Reached XP level 9. HP: 62/62 MP: 9/9
  9519 | D:7      | Learned a level 2 spell: Poisonous Vapours
  9530 | D:7      | Noticed Menkaure
  9538 | D:7      | Killed Menkaure
  9813 | D:7      | Reached skill level 1 in Poison Magic
  9878 | D:7      | Reached skill level 1 in Spellcasting
  9902 | D:7      | Found a runed translucent door.
  9903 | D:7      | Noticed Crazy Yiuf
 10198 | D:7      | Killed a deep elf pyromancer
 10373 | D:7      | Identified the +0 robe of Dramatic Exits {Rampage rCorr}
 10419 | D:8      | Noticed tizbic2's ghost (novice OgAE)
 10636 | D:9      | Noticed Grum
 10739 | D:9      | Learned a level 4 spell: Olgreb's Toxic Radiance
 10863 | D:9      | Noticed Maggie
 10879 | D:9      | Killed Maggie
 10880 | D:9      | Reached skill level 11 in Stealth
 11514 | D:8      | Reached XP level 10. HP: 35/71 MP: 14/14
 11896 | D:8      | Found a transporter.
 11914 | D:8      | Noticed Erica
 11921 | D:8      | Found a transporter.
 11938 | D:8      | Killed Erica
 12216 | D:8      | Paralysed by a hornet for 2 turns
 12220 | D:8      | Paralysed by a hornet for 1 turns
 12758 | D:8      | Noticed a two-headed ogre
 12832 | D:8      | Killed a two-headed ogre
 13355 | D:8      | Reached skill level 12 in Stealth
 13440 | D:8      | Reached skill level 5 in Poison Magic
 13812 | D:8      | Learned a level 3 spell: Summon Guardian Golem
 13982 | D:9      | Noticed Maurice
 14006 | D:9      | Reached skill level 1 in Summonings
 14008 | D:9      | Killed Maurice
 14009 | D:9      | Reached XP level 11. HP: 34/77 MP: 14/17
 14013 | D:9      | Killed Grum
 14690 | D:9      | Found an opulent altar of Gozag.
 14712 | D:9      | Became a worshipper of Gozag Ym Sagoz the Greedy
 14887 | D:10     | Entered Level 10 of the Dungeon
 15039 | D:10     | Killed from afar by an acid dragon

Illustrated notes

Levels and vault maps discovered:
D:1:      dpeg_arrival_radiant, layout_basic, moated_statue, moated_statue
D:2:      layout_rooms, serial_bayou_lagoon_b
D:3:      layout_loops_cross, chequers_ecumenical_altar_island, serial_shops,
          shop, gammafunk_ghost_grave, minmay_misc_feat_diagonals, minivault_27
D:4:      layout_gridville, serial_shops, shop, uniq_duvessa
D:5:      layout_gridville
D:6:      layout_loops_ring, minmay_temple_entry_trees, portal_sewer_entry_e,
          chequers_serial_rivers_marsh
D:7:      layout_cave_pools, nicolae_elyvilon_temple_path,
          guppyfry_early_elven_hall, uniq_crazy_yiuf_cottage,
          uniq_prince_ribbit1, uniq_menkaure
D:8:      layout_loops_corners, gammafunk_ghost_stat_death,
          hangedman_minor_gate_pass, uniq_erica
D:9:      layout_basic, mainiacjoe_overflow_24_doors, uniq_grum, uniq_maggie,
          uniq_maurice
D:10:     layout_rooms, nicolae_trove_entry_crystal, amethyst_killhole
Temple:   nicolae_temple_bog_church

Skill      XL: |  1  2  3  4  5  6  7  8  9 10 11 |
---------------+----------------------------------+-----
Stealth        | 7 8 9 10 11 12 | 12.5
Axes           | 3 4 5 6 7 |  7.8
Dodging        | 3 4 5 6 7 |  7.7
Fighting       | 4 5 6 7 8 |  8.2
Poison Magic   | 3 5 |  5.9
Spellcasting   | 2 4 |  4.4
Summonings     | 1 2 |  2.4

Action                   |  1- 3 |  4- 6 |  7- 9 | 10-12 || total
-------------------------+-------+-------+-------+-------++-------
Melee: Hand axe          |    49 |   113 |   102 |       ||   264
       Constrict         |     9 |    23 |    44 |    17 ||    93
       Tentacles         |     4 |    23 |    46 |    38 ||   111
       Punch             |       |     2 |       |     1 ||     3
       War axe           |       |       |    11 |       ||    11
       Dire flail        |       |       |    97 |    30 ||   127
       Dagger            |       |       |       |   110 ||   110
       Unarmed           |       |       |       |    13 ||    13
Throw: Dart              |       |       |    27 |     1 ||    28
       Throwing net      |       |       |       |     1 ||     1
 Cast: Poisonous Vapours |       |       |     7 |    10 ||    17
       Olgreb's Toxic Ra |       |       |       |     4 ||     4
Evoke: Wand              |       |       |    10 |    18 ||    28
  Use: Scroll            |     1 |     4 |    11 |     5 ||    21
       Potion            |       |     4 |     5 |     9 ||    18
 Stab: Sleeping          |     9 |    22 |    18 |    11 ||    60
       Distracted        |       |     2 |     2 |       ||     4
       Held in net/web   |       |       |       |     1 ||     1
Armor: Skin              |     4 |     9 |    30 |    25 ||    68
Dodge: Dodged            |    28 |    96 |   169 |   130 ||   423
